 Seeded DCSS version 0.31-a0-544-gceb718ecc6 (webtiles) character file.

Game seed: 3826825538972431165 (custom seed)

228 innerfire43 the Trooper (level 5, 0/42 HPs)
             Began as a Demonspawn Monk on Aug 15, 2023.
             Slain by Grinder (5 damage)
             ... while paralysed by Grinder
             ... on level 3 of the Dungeon.
             The game lasted 00:03:15 (2309 turns).

innerfire43 the Trooper (Demonspawn Monk)           Turns: 2309, Time: 00:03:16

Health: 0/42       AC:  9    Str: 13    XL:     5   Next: 71%
Magic:  5/5        EV:  2    Int: 12    God:
Gold:   261        SH:  0    Dex: 15    Spells: 4/4 levels left

rFire   + . .        a - +0 spear
rCold   + . .        d - orb {light}
rNeg    . . .        b - +0 robe
rPois   .            c - +0 helmet
rElec   +            (no cloak)
rCorr   +            (no gloves)
SInv    .            (no boots)
Will    .....        e - amulet of Sunlight {Faith *Slow rElec rF+ rCorr}
Stlth   +            q - ring of protection from cold
HPRegen 0.27/turn    (no ring)
MPRegen 0.09/turn

%: slow self (1%), faith
@: paralysed, glowing
A: molten scales 1, icemail 1, condensation shield
a: no special abilities


You were on level 3 of the Dungeon.
You visited 1 branch of the dungeon, and saw 4 of its levels.

You collected 261 gold pieces.

Inventory:

Hand Weapons
 a - a +0 spear (weapon)
Missiles
 t - 2 boomerangs (quivered)
Armour
 b - a +0 robe (worn)
 c - a +0 helmet (worn)
 d - an orb of light (worn)
Jewellery
 e - the amulet of Sunlight (around neck) {Faith *Slow rElec rF+ rCorr}
   (You acquired it on level 1 of the Dungeon)

   [amulet of faith]

   Faith:     It allows you to gain divine favour quickly.
   rF+:       It protects you from fire.
   rElec:     It insulates you from electricity.
   rCorr:     It protects you from acid and corrosion.
   *Slow:     It may slow you when you take damage.
 q - a ring of protection from cold (left hand)
 u - a ring of see invisible
Scrolls
 f - 2 scrolls of vulnerability {unknown}
 g - a scroll of amnesia {unknown}
 h - a scroll of brand weapon {unknown}
 j - 2 scrolls of identify {unknown}
 k - 4 scrolls of noise {unknown}
 o - a scroll of torment {unknown}
 r - 2 scrolls of enchant armour {unknown}
Potions
 i - 2 potions of mutation {unknown}
 l - a potion of enlightenment {unknown}
 n - a potion of cancellation {unknown}
 p - a potion of brilliance {unknown}
 s - a potion of invisibility {unknown}


   Skills:
 + Level 4.1 Fighting
 * Level 4.0 Polearms
 + Level 2.0 Armour
 + Level 3.7 Dodging


You had 4 spell levels left.
You didn't know any spells.
Your spell library was empty.

Dungeon Overview and Level Annotations

Branches:
Dungeon (4/15)
 Temple: D:4-7

Altars:

Annotations:
D:3 Grinder


Innate Abilities, Weirdness & Mutations

You are partially covered in molten scales. (AC +2)
A meltable icy envelope protects you from harm. (AC +4)
A meltable shield of frost defends you. (SH +4)


Message History

You block Grinder's attack.
You barely miss Grinder.
Grinder is lightly wounded.
Grinder gestures at you.
You suddenly lose the ability to move!
Grinder hits you.
You writhe in agony.
* * * LOW HITPOINT WARNING * * *
Grinder gestures at you. You resist with significant effort.
Grinder gestures at you.
You barely resist. Grinder gestures at you. Pain shoots through your body!
* * * LOW HITPOINT WARNING * * *
Grinder hits you but does no damage.
You can move again.
It was a potion of curing.
You feel better. Grinder hits you but does no damage.
You feel better.
Grinder blinks!
You hit Grinder but do no damage.
Grinder is lightly wounded.
Grinder misses you.
You hit Grinder but do no damage.
Grinder is lightly wounded.
Grinder hits you.
You barely miss Grinder.
Grinder is lightly wounded.
Grinder closely misses you.
You hit Grinder but do no damage.
Grinder is lightly wounded.
Grinder gestures at you.
You suddenly lose the ability to move!
Grinder hits you!
* * * LOW HITPOINT WARNING * * *
You writhe in agony.
* * * LOW HITPOINT WARNING * * *
Grinder hits you.
* * * LOW HITPOINT WARNING * * *
You writhe in agony.
You die...

............###### #)#######
...........## #.......####
..........## ###.........
.........## ####### #.###.....
.........# #.....#####.#....###
.......#.### #.....##....#....#
......##...###...........'....#
..###........###.###.....#....#
..# #..>...).))5@........###'##
..###........###>.###....# #.#
.............# #### #....# #.#
.####........# #....# #.#### .#
#........# #....# #.....
.####........# ###### ######
#.#.####.##### ## ##.#.# #.# #.
#.#.## #.# #.


You could see Grinder.

Vanquished Creatures
  An orc priest (D:3)
  Jessica (D:2)
  Robin (D:2)
  4 gnolls (D:3)
  4 adders
  A worm (D:3)
  A dart slug (D:1)
  5 orcs (D:3)
  4 bats
  8 endoplasms
  3 giant cockroaches (D:1)
  12 goblins
  7 hobgoblins
  2 jackals (D:2)
  4 kobolds
  2 quokkas
  4 ball pythons
  4 frilled lizards
  6 rats
74 creatures vanquished.

Notes
Turn   | Place    | Note
-------+----------+-------------------------------------------
     0 | D:1      | innerfire43 the Demonspawn Monk began the quest for the
                  | Orb.
     0 | D:1      | Reached XP level 1. HP: 18/18 MP: 1/1
   196 | D:1      | Identified a scroll of acquirement
   196 | D:1      | Acquired the amulet of Sunlight {Faith *Slow rElec rF+
                  | rCorr}
   227 | D:1      | Gained mutation: A meltable shield of frost defends you.
                  | (SH +4) [demonic ancestry]
   227 | D:1      | Reached XP level 2. HP: 24/24 MP: 2/2
   743 | D:2      | Noticed Jessica
   748 | D:2      | Killed Jessica
   749 | D:2      | Reached skill level 1 in Armour
   749 | D:2      | Gained mutation: You are partially covered in molten
                  | scales. (AC +2) [demonic ancestry]
   749 | D:2      | Reached XP level 3. HP: 26/29 MP: 3/3
   979 | D:2      | Reached XP level 4. HP: 26/36 MP: 4/4
  1179 | D:2      | Noticed Robin
  1232 | D:2      | Killed Robin
  1640 | D:3      | Gained mutation: A meltable icy envelope protects you from
                  | harm. (AC +4) [demonic ancestry]
  1640 | D:3      | Reached XP level 5. HP: 26/42 MP: 5/5
  2285 | D:4      | Noticed Grinder
  2290 | D:4      | Noticed a centaur
  2293 | D:3      | Paralysed by Grinder for 5 turns
  2307 | D:3      | Paralysed by Grinder for 5 turns
  2309 | D:3      | Slain by Grinder

Illustrated notes

Levels and vault maps discovered:
D:1:      roderic_crop_circles_arrival_large, layout_basic
D:2:      layout_basic, minmay_distorted, uniq_robin, uniq_jessica
D:3:      layout_basic, minivault_24, minmay_box_of_dots
D:4:      layout_rooms, nicolae_qazlal_eye_of_the_storm,
          mainiacjoe_overflow_chevrons, minmay_temple_entry_statues_fountains,
          gup_ossuary_entry_pyramid, nicolae_elevator_lobby_asterisk,
          uniq_grinder, uniq_eustachio, uniq_pikel, uniq_duvessa

Skill      XL: |  1  2  3  4  5 |
---------------+----------------+-----
Dodging        | 3 |  3.7
Polearms       | 3 4 |  4.0
Armour         | 1 2 |  2.0
Fighting       | 4 |  4.1

Action                     |  1- 3 |  4- 6 || total
---------------------------+-------+-------++-------
  Melee: Spear             |   101 |   221 ||   322
    Use: Scroll            |     1 |       ||     1
         Potion            |       |     3 ||     3
   Stab: Sleeping          |       |     1 ||     1
 Armour: Robe              |    11 |    32 ||    43
  Dodge: Dodged            |    45 |   107 ||   152
  Block: Orb               |     2 |    33 ||    35

Table legend: (Time is in decaauts)
 A = Elapsed time spent in this place.
 B = Non-inter-level travel time spent in this place.
 C = Inter-level travel time spent in this place.
 D = Time resting spent in this place.
 E = Time spent auto-exploring this place.
 F = Levels seen in this place.
 G = Mean time per level.
                   A        B        C        D        E       F      G
               +--------+--------+--------+--------+--------+-----+--------+
         Total |   2291 |   2200 |     91 |      0 |   1644 |   4 |  572.8 |
       Dungeon |   2291 |   2200 |     91 |      0 |   1644 |   4 |  572.8 |
               +--------+--------+--------+--------+--------+-----+--------+

Top non-repeatable levels by time:
     D:2: 771 daAuts
     D:3: 769 daAuts
     D:1: 745 daAuts
     D:4: 5 daAuts
